AoeStats
← Horst der Graue

MegaRandom

510390066Analyzed
2v2 RM · 18h ago on Sep 30, 2026· 49m 22s· 4 players
Game mode
Random Map
Map size
Medium (4 player)
Population
200
Speed
Normal
Resources
Standard
Victory
Conquest
Starting age
Dark Age
Ending age
Imperial Age
RankedLock teamsTeams togetherTeam positionsShared explorationLock speedFull tech treeHidden civsTurbo modeCheats
Victory
Defeat
🇧🇷 Gurjaras · Brazil
1206
+14
🇮🇱 Mongols · Israel
1167
+17
🇩🇪 Burgundians · Germany
1177
-16
🇩🇪 Maya · Germany
1164
-15
Horst der Graue
5:57 Horse Collar
12:08 Feudal Age
12:39 Double-Bit Axe
12:50 Loom
14:15 Scale Mail Armor
16:07 Fletching
17:44 Padded Archer Armor
22:53 Castle Age
24:37 Bodkin Arrow
25:36 Bow Saw
27:37 Heavy Plow
27:44 Elite Skirmisher
30:05 Chain Mail Armor
30:14 Scale Barding Armor
31:43 Chain Barding Armor
33:23 Wheelbarrow
33:45 Gold Mining
33:49 Stone Mining
35:02 Two-Man Saw
35:35 Leather Archer Armor
40:50 Imperial Age
39:06 Forging
40:41 Iron Casting
41:14 Ballistics
42:37 Chemistry
41:40 Bracer
42:17 Plate Barding Armor
41:46 Husbandry
42:28 Conscription
42:14 Elite Coustillier
47:58 Pikeman
48:38 Squires
Fritz der Gewissenlose
7:32 Loom
10:03 Feudal Age
12:27 Double-Bit Axe
12:24 Horse Collar
18:01 Forging
17:52 Scale Mail Armor
20:58 Castle Age
23:10 Eagle Warrior
23:51 Squires
24:24 Chain Mail Armor
26:14 Gold Mining
27:02 Pikeman
31:34 Wheelbarrow
31:57 Ballistics
34:31 Fletching
35:12 Fishing Lines
36:09 Bodkin Arrow
40:29 Imperial Age
38:14 Hand Cart
37:45 Town Watch
38:02 Horse Collar
43:56 Halberdier
47:25 Iron Casting
Ezrah4Ever
8:04 Loom
11:30 Feudal Age
12:03 Double-Bit Axe
17:24 Wheelbarrow
18:57 Horse Collar
22:20 Castle Age
20:49 Forging
21:30 Scale Barding Armor
22:05 Gold Mining
22:44 Bloodlines
23:30 Bow Saw
23:33 Husbandry
24:09 Hand Cart
26:55 Fletching
32:23 Bodkin Arrow
34:20 Chain Barding Armor
34:42 Iron Casting
34:09 Town Watch
37:36 Town Patrol
38:22 Heavy Plow
45:41 Imperial Age
44:16 Light Cavalry
45:41 Capped Ram
45:43 Elite Steppe Lancer
45:44 Heavy Camel Rider
47:28 Blast Furnace
46:36 Siege Ram
Dibrei
2:06 Loom
12:01 Feudal Age
12:32 Double-Bit Axe
13:50 Wheelbarrow
14:11 Gold Mining
14:42 Town Watch
16:05 Fletching
17:23 Padded Archer Armor
22:19 Castle Age
20:18 Stone Mining
21:22 Bloodlines
23:05 Husbandry
23:11 Bodkin Arrow
23:22 Thumb Ring
28:16 Scale Barding Armor
29:13 Forging
29:38 Devotion
30:57 Ballistics
32:52 Iron Casting
33:14 Chain Barding Armor
34:31 Bow Saw
35:05 Horse Collar
38:08 Imperial Age
37:08 Kshatriyas
38:10 Hand Cart
39:24 Conscription
39:34 Frontier Guards
39:40 Bracer
39:17 Heavy Camel Rider
42:10 Plate Barding Armor
42:24 Leather Archer Armor
44:16 Gold Shaft Mining
44:17 Stone Shaft Mining
45:14 Chemistry
45:10 Town Patrol
46:59 Conscription
47:06 Elite Elephant Archer
Connection lost

Rejoining the realm…

Still unreachable

The connection could not be restored.

Session expired

The server has moved on; the page needs a fresh start.